 Dungeon Crawl Stone Soup version 0.31-a0-222-gefeffbb62a (webtiles) character file.

Game seed: 2624739724870249880

270 qw the Chopper (level 6, -3/38 HPs)
             Began as a Gargoyle Fighter on July 4, 2023.
             Slain by a gnoll sergeant
             ... wielding a +0 trident
              (12 damage)
             ... on level 3 of the Dungeon.
             The game lasted 00:01:43 (2773 turns).

qw the Chopper (Gargoyle Fighter)                   Turns: 2773, Time: 00:01:44

Health: -3/38      AC: 14    Str: 22    XL:     6   Next: 22%
Magic:  6/6        EV:  8    Int:  8    God:
Gold:   96         SH:  4    Dex:  9    Spells: 5/5 levels left

rFire   . . .        Y - +0 war axe
rCold   . . .        c - +0 buckler
rNeg    + . .        i - +0 chain mail
rPois   inf          (no helmet)
rElec   +            k - +0 cloak
rCorr   .            (no gloves)
SInv    .            (no boots)
Will    .....        (no amulet) Stlth
                     (no ring)
HPRegen 0.26/turn    (no ring)
MPRegen 0.10/turn

%: no passive effects
@: no status effects
A: sickness immunity, AC +4, negative energy resistance 1, electricity
resistance, torment resistance 1, petrification resistance
a: no special abilities


You were on level 3 of the Dungeon.
You visited 1 branch of the dungeon, and saw 3 of its levels.

You collected 138 gold pieces.
You spent 42 gold pieces at shops.


Innate Abilities, Weirdness & Mutations

You are immune to sickness and miasma.
Your stone body is resilient. (AC +4)
You are immune to poison.
You resist negative energy. (rN+)
You are resistant to electric shocks. (rElec)
You are resistant to unholy torment.
You are immune to petrification.


   Skills:
 - Level 4.2 Fighting
 + Level 5.3 Axes
 - Level 3.2 Armour
 - Level 3.2 Shields


You had 5 spell levels left.
You didn't know any spells.
Your spell library was empty.

Inventory:

Hand Weapons
 f - a +1 hammer of holy wrath
 Y - a +0 war axe (weapon)
Armour
 c - a +0 buckler (worn)
 e - a +2 scale mail of fire resistance
 i - a +0 chain mail (worn)
 k - a +0 cloak (worn)
Scrolls
 b - 2 scrolls of identify {unknown}
Potions
 d - a potion of might
 g - a potion of mutation {unknown}
 m - a potion of invisibility {unknown}
 n - a potion of attraction

Dungeon Overview and Level Annotations

Branches:
Dungeon (3/15)

Altars:
Cheibriados

Shops:
D:1 !

Annotations:
D:3 1 runed translucent door, Crazy Yiuf


Message History

The sling bullet hits you but does no damage.
You barely miss the gnoll.
The gnoll is severely wounded.
The gnoll hits you but does no damage.
The gnoll hits you from afar with a +0 spear.
The gnoll sergeant hits you but does no damage.
The goblin shoots a sling bullet.
The sling bullet barely misses you. The gnoll closely misses you.
You slash the gnoll!
You kill the gnoll!
The gnoll hits you but does no damage.
The gnoll sergeant hits you but does no damage.
The gnoll sergeant hits you from afar with a +0 trident.
The goblin hits you but does no damage. The gnoll hits you but does no damage.
The goblin unwields a +0 sling.
The goblin wields a +0 club.
The goblin hits you but does no damage.
You closely miss the goblin. x2
The goblin no longer looks unusually strong.
The gnoll sergeant barely misses you. The gnoll hits you but does no damage.
The goblin hits you but does no damage. x2
You barely miss the goblin. You hit the goblin.
The gnoll sergeant hits you but does no damage.
The gnoll hits you but does no damage. The goblin completely misses you.
The goblin closely misses you.
You slash the goblin!
You kill the goblin!
You barely miss the goblin. The gnoll closely misses you.
The gnoll sergeant hits you from afar with a +0 trident!
You block the goblin's attack.
You slash the goblin!
You kill the goblin!
You slash the goblin!
You kill the goblin!
You block the gnoll sergeant's attack.
The gnoll hits you from afar with a +0 spear.
You block the gnoll's attack.
The gnoll sergeant hits you from afar with a +0 trident.
The gnoll sergeant hits you with a +0 trident!
You die...

...####.#####.#
##.# #..# #.##
############.#
.........#...#
.........#.###
......g))).#
.......@.###
......g))#
.........#
.........#
.........#
.........#
.........#
.........#


You could see a gnoll sergeant and a gnoll.

Vanquished Creatures
  An orc priest (D:3)
  A sleepcap (D:3)
  Jessica (D:2)
  Terence (D:2)
  An orc wizard (D:3)
  Robin (D:3)
  An adder (D:3)
  2 gnolls (D:3)
  3 worms
  A dart slug (D:1)
  3 orcs (D:3)
  8 endoplasms
  3 giant cockroaches (D:1)
  16 goblins
  6 hobgoblins
  4 jackals (D:1)
  5 kobolds
  3 quokkas
  6 ball pythons
  6 bats
  5 frilled lizards
  3 rats
81 creatures vanquished.

Notes
Turn   | Place    | Note
-------+----------+-------------------------------------------
     0 | D:1      | qw the Gargoyle Fighter began the quest for the Orb.
     0 | D:1      | Reached XP level 1. HP: 14/14 MP: 1/1
     0 | D:1      | 0 ||| qw: Version: 0.3-a-46-gb1f654a
     0 | D:1      | 0 ||| qw: Game counter: 973
     0 | D:1      | 0 ||| qw: Melee chars always use a shield: true
     0 | D:1      | 0 ||| qw: God list: Okawaru
     0 | D:1      | 0 ||| qw: Allow faded altars: false
     0 | D:1      | 0 ||| qw: Do Orc after clearing Dungeon:15 true
     0 | D:1      | 0 ||| qw: Do second Lair branch before Depths: true
     0 | D:1      | 0 ||| qw: Lair rune preference: random
     0 | D:1      | 0 ||| qw: Goals: Normal, Zot:1-4, Slime:5, God:TSO, Crypt,
                  | Tomb, Abyss, Pan, Hells, Win
     0 | D:1      | 0 ||| PLANNING D:1-11
    32 | D:1      | Reached skill level 2 in Axes
   151 | D:1      | Reached XP level 2. HP: 19/19 MP: 2/2
   330 | D:1      | 330 ||| Stepping ~*~*~tactically~*~*~ (hiding).
   335 | D:1      | Reached skill level 3 in Axes
   455 | D:1      | Reached XP level 3. HP: 22/23 MP: 3/3
   904 | D:1      | Found Ycov's Distillery.
   920 | D:1      | 920 ||| BUYING potion of attraction (42 gold).
   920 | D:1      | Bought a potion of attraction for 42 gold pieces
   920 | D:1      | 920 ||| SHOPLISTING potion of curing (42 gold, have 3).
   920 | D:1      | 920 ||| SHOPLISTING potion of haste (140 gold, have 3).
   920 | D:1      | 920 ||| SHOPLISTING potion of resistance (140 gold, have
                  | 3).
  1099 | D:1      | 1099 ||| UPGRADING to +0 chain mail.
  1109 | D:1      | 1109 ||| DROPPING +0 scale mail.
  1110 | D:1      | 1110 ||| UPGRADING to +0 cloak.
  1115 | D:1      | 1115 ||| DROPPING +6 ring of intelligence.
  1116 | D:1      | 1116 ||| READING scroll labelled HUC VOYNEAPT.
  1117 | D:1      | 1117 ||| READING 2 scrolls labelled CYGEZA YKHLILO.
  1121 | D:1      | 1121 ||| READING scroll labelled QAPROKHL HOBB.
  1408 | D:2      | 1408 ||| DROPPING +0 club.
  1502 | D:2      | Noticed Terence
  1504 | D:2      | Noticed Jessica
  1509 | D:2      | Killed Terence
  1510 | D:2      | Reached skill level 4 in Axes
  1510 | D:2      | Reached XP level 4. HP: 20/28 MP: 4/4
  1515 | D:2      | HP: 7/28 [Jessica/+0 club (3)]
  1516 | D:2      | 1516 ||| READING scroll of teleportation.
  1518 | D:2      | 1518 ||| Stepping ~*~*~tactically~*~*~ (hiding).
  2001 | D:2      | 2001 ||| Stepping ~*~*~tactically~*~*~ (stealth).
  2012 | D:2      | Killed Jessica
  2013 | D:2      | Reached XP level 5. HP: 31/32 MP: 5/5
  2139 | D:2      | Found a faded altar of an unknown god.
  2320 | D:2      | 2320 ||| READING scroll labelled HANUMMA HUISU.
  2407 | D:3      | 2407 ||| Stepping ~*~*~tactically~*~*~ (stealth).
  2413 | D:3      | Reached skill level 5 in Axes
  2549 | D:3      | 2549 ||| DROPPING +0 whip.
  2550 | D:3      | Found a runed translucent door.
  2551 | D:3      | Noticed Crazy Yiuf
  2664 | D:3      | Found a snail-covered altar of Cheibriados.
  2751 | D:3      | Reached XP level 6. HP: 38/38 MP: 6/6
  2753 | D:3      | Noticed Robin
  2760 | D:3      | Killed Robin
  2772 | D:3      | HP: 9/38 [gnoll sergeant/+0 trident (1)]
  2773 | D:3      | Slain by a gnoll sergeant

Levels and vault maps discovered:
D:1:      lightli_arrival_statue_moat, layout_loops_corners, serial_shops,
          nicolae_lakefront_shop
D:2:      layout_loops_corners, shapermc_ecumenical_altar_notcrosses,
          uniq_terence, uniq_jessica
D:3:      layout_basic, chei_slow_surprise, uniq_crazy_yiuf_cottage, uniq_robin

Skill      XL: |  1  2  3  4  5 |
---------------+----------------+-----
Axes           | 2 3 4 5 |  5.3
Fighting       | 4 |  4.2
Armour         | |  3.2
Shields        | |  3.2

Action                     |  1- 3 |  4- 6 || total
---------------------------+-------+-------++-------
  Melee: War axe           |   134 |   141 ||   275
    Use: Scroll            |     3 |     2 ||     5
 Armour: Scale mail        |    46 |       ||    46
         Chain mail        |    23 |   113 ||   136
  Dodge: Dodged            |    49 |    57 ||   106
  Block: Buckler           |    24 |    23 ||    47

Table legend:
 A = Non-vault XP
 B = Vault XP
 C = Vault XP percentage of total XP
 D = Non-vault monster count
 E = Vault monster count
 F = Vault count percentage of total count
                 A         B        C        D         E       F
            +---------+---------+-------+---------+---------+-------
      Total |     278 |     108 |  28.0 |      67 |      14 |  17.3
            +---------+---------+-------+---------+---------+-------
        D:1 |      53 |       0 |   0.0 |      31 |       0 |   0.0
        D:2 |      45 |      73 |  61.9 |      21 |       2 |   8.7
        D:3 |     180 |      35 |  16.3 |      15 |      12 |  44.4
            +---------+---------+-------+---------+---------+-------
